 Dungeon Crawl Stone Soup version 0.28-a0-247-gb8bfbab023 (webtiles) character file.

Game seed: 16767075173839675623

70 Manisian the Skirmisher (level 4, 0/37 HPs)
             Began as a Demonspawn Abyssal Knight on Aug 25, 2021.
             Was a Follower of Lugonu.
             Killed by nerve-wracking pain
             ... invoked by an orc priest
              (11 damage)
             ... on level 3 of the Dungeon.
             The game lasted 00:03:16 (2370 turns).

Manisian the Skirmisher (Demonspawn Abyssal Knight) Turns: 2370, Time: 00:03:17

Health: 0/37       AC:  6    Str: 13    XL:     4   Next: 3%
Magic:  5/5        EV: 10    Int: 14    God:    Lugonu [*.....]
Gold:   52         SH:  4    Dex: 12    Spells: 3/3 levels left

rFire   . . .      SeeInvis .   a - +1 mace (vorpal)
rCold   . . .      Faith    .   (no shield)
rNeg    . . .      Spirit   .   d - +0 ring mail
rPois   .          Reflect  .   (no helmet)
rElec   .          Harm     .   e - +0 cloak
rCorr   .          Rampage  .   (no gloves)
Will    .....                   (no boots)
Stlth   +.........              (no amulet)
HPRegen 0.12/turn               (no ring)
MPRegen 0.09/turn               (no ring)

@: no status effects
A: claws 1, large bone plates 1
a: Renounce Religion, Depart the Abyss


You were on level 3 of the Dungeon.
You worshipped Lugonu.
Lugonu was aware of your devotion.
You visited 1 branch of the dungeon, and saw 3 of its levels.
You visited the Abyss 1 time.

You collected 52 gold pieces.

Inventory:

Hand Weapons
 a - a +1 vorpal mace (weapon)
 i - a +0 long sword
Missiles
 g - 12 poisoned darts (quivered)
Armour
 b - a +0 leather armour
 d - a +0 ring mail (worn)
 e - a +0 cloak (worn)
Scrolls
 f - a scroll of enchant weapon {unknown}
 k - 2 scrolls of identify {unknown}
Potions
 c - 2 potions of curing {unknown}
 h - a potion of mutation {unknown}
 j - 2 potions of attraction {unknown}


   Skills:
 + Level 3.9 Fighting
 + Level 2.3 Maces & Flails
 + Level 2.4 Armour
 + Level 1.5 Dodging
 + Level 2.4 Invocations


You had 3 spell levels left.
You didn't know any spells.
Your spell library was empty.

Dungeon Overview and Level Annotations

Branches:
Dungeon (2/15)

Altars:

Shops:
D:3 (


Innate Abilities, Weirdness & Mutations

You have sharp fingernails.
You are partially covered in large bone plates. (SH +4)


Message History

You hit the orc.
The orc is severely wounded.
The orc hits you with a +0 dagger.
An orc priest comes into view. It is wielding a +0 hand axe.
You hit the orc but do no damage.
The orc is severely wounded.
The orc hits you with a +0 dagger. x2
You closely miss the orc.
The orc is severely wounded.
The orc barely misses you.
You hit the orc but do no damage.
The orc is severely wounded.
The orc hits you with a +0 dagger.
You hit the orc.
You kill the orc!
Lugonu accepts your kill.
An orc comes into view. It is wielding a +0 trident.
You barely miss the orc priest.
The orc shouts!
You hear a shout!
The orc priest hits you with a +0 hand axe. x2
You hit the orc priest but do no damage.
The orc priest hits you with a +0 hand axe.
You barely miss the orc priest. The orc priest closely misses you.
You hit the orc priest.
The orc priest is lightly wounded.
The orc barely misses you.
The orc priest hits you but does no damage.
The orc closely misses you.
You hit the orc priest.
The orc priest is heavily wounded.
The orc priest hits you but does no damage.
The orc misses you.
The orc priest hits you but does no damage.
You hit the orc priest.
The orc priest is almost dead.
The orc hits you from afar with a +0 trident.
* * * LOW HITPOINT WARNING * * *
The orc priest calls down the wrath of Beogh upon you.
Pain shoots through your body!
You die...

#.#
############.#
#............#
#....#########
#..).# #....#
#....# #.####
#@# #o# #o#
#.# #.# .∩#
###


You could see an orc priest and an orc.

Vanquished Creatures
  2 adders (D:2)
  A dart slug (D:2)
  2 orcs (D:3)
  4 ball pythons
  3 endoplasms
  A giant cockroach (D:2)
  7 goblins
  5 hobgoblins
  6 jackals
  5 bats
  6 kobolds
  A rat (D:1)
43 creatures vanquished.

Notes
Turn   | Place    | Note
-------+----------+-------------------------------------------
     0 | Abyss:1  | Manisian the Demonspawn Abyssal Knight began the quest for
                  | the Orb.
     0 | Abyss:1  | Reached XP level 1. HP: 18/18 MP: 2/2
    16 | Abyss:2  | Noticed a thrashing horror
    16 | Abyss:2  | Noticed a thrashing horror
    20 | D:1      | Escaped the Abyss
    96 | D:1      | Gained mutation: You have sharp fingernails. [demonic
                  | ancestry]
    96 | D:1      | Reached XP level 2. HP: 21/24 MP: 3/3
   362 | D:1      | Found a faded altar of an unknown god.
  1440 | D:2      | Reached skill level 1 in Dodging
  1440 | D:2      | Reached XP level 3. HP: 26/30 MP: 4/4
  1441 | D:2      | Reached * piety under Lugonu
  2288 | D:2      | You fall into a shaft and drop 1 floor!
  2351 | D:3      | Found Cacoul's Weapon Emporium.
  2356 | D:3      | Gained mutation: You are partially covered in large bone
                  | plates. (SH +4) [demonic ancestry]
  2356 | D:3      | Reached XP level 4. HP: 34/37 MP: 5/5
  2370 | D:3      | Killed from afar by an orc priest

Illustrated notes

Levels and vault maps discovered:
D:1:      tarquinn_simple_flora_water_b, layout_basic,
          hellmonk_ecumenical_altar_prayer_group
D:2:      layout_loops_ring
D:3:      layout_basic, serial_shops, shop

Skill      XL: |  1  2 |
---------------+-------+-----
Maces & Flails | 2 |  2.3
Armour         | 2 |  2.4
Dodging        | 1 |  1.5
Fighting       | |  3.9
Invocations    | |  2.4

Action                   |  1- 3 |  4- 6 || total
-------------------------+-------+-------++-------
Melee: Mace              |    99 |    15 ||   114
Invok: Depart the Abyss  |     1 |       ||     1
  Use: Scroll            |     3 |       ||     3
Armor: Ring mail         |    54 |     6 ||    60
Dodge: Dodged            |    56 |     6 ||    62

Table legend: (Time is in decaauts)
 A = Elapsed time spent in this place.
 B = Non-inter-level travel time spent in this place.
 C = Inter-level travel time spent in this place.
 D = Time resting spent in this place.
 E = Time spent auto-exploring this place.
 F = Levels seen in this place.
 G = Mean time per level.
                   A        B        C        D        E       F      G
               +--------+--------+--------+--------+--------+-----+--------+
         Total |   2402 |   2395 |      7 |      2 |   1924 |   5 |  480.4 |
       Dungeon |   2382 |   2375 |      7 |      2 |   1924 |   3 |  794.0 |
         Abyss |     19 |     19 |      0 |      0 |      0 |   2 |    9.5 |
               +--------+--------+--------+--------+--------+-----+--------+

Top non-repeatable levels by time:
     D:1: 1299 daAuts
     D:2: 995 daAuts
     D:3: 87 daAuts
 Abyss:2: 14 daAuts
 Abyss:1: 5 daAuts
